 Dungeon Crawl Stone Soup version 0.24-a0-459-g225fefd530 (webtiles) character file.

Game seed: 8343613678083340403

25 ivs the Insei (level 3, 0/18 HPs)
             Began as a Vine Stalker Transmuter on June 29, 2019.
             Slain by a goblin
             ... wielding a +0 dagger
             ... led by Robin
              (1 damage)
             ... on level 2 of the Dungeon.
             The game lasted 00:04:21 (387 turns).

ivs the Insei (Vine Stalker Transmuter)              Turns: 387, Time: 00:04:22

Health: 0/18       AC:  2    Str: 13    XL:     3   Next: 4%
Magic:  0/7        EV: 12    Int: 13    God:
Gold:   69         SH:  0    Dex: 14    Spells: 3/6 levels left

rFire    . . .     SeeInvis .     - Unarmed
rCold    . . .     Gourm    .   (no shield)
rNeg     . . .     Faith    .   b - +0 robe
rPois    .         Spirit   +   (no helmet)
rElec    .         Reflect  .   (no cloak)
rCorr    .         Harm     .   (no gloves)
MR       .....                  (no boots)
Stlth    +.........             (no amulet)
HPRegen  0.06/turn              (no ring)
MPRegen  0.10/turn              (no ring)

@: no status effects
A: fangs 2, magic shield, antimagic bite, no potion heal 3, rot immunity
a: no special abilities


You were on level 2 of the Dungeon.
You were not hungry.

You visited 1 branch of the dungeon, and saw 2 of its levels.

You collected 69 gold pieces.

Inventory:

Missiles
 a - 12 arrows
Armour
 b - a +0 robe (worn)
Scrolls
 e - a scroll of blinking {unknown}
 f - 2 scrolls of teleportation {unknown}
 i - a scroll of remove curse {unknown}
Potions
 c - a potion of curing {unknown}
 g - a potion of might {unknown}
 h - a potion of heal wounds {unknown}
Comestibles
 d - 3 rations


   Skills:
 + Level 2.2 Fighting
 - Level 1.5 Dodging
 + Level 3.3 Unarmed Combat
 - Level 2.1 Spellcasting
 - Level 2.0 Transmutations


You had 3 spell levels left.
You knew the following spells:

 Your Spells              Type           Power        Failure   Level  Hunger
a - Beastly Appendage     Tmut           #.....       11%         1    ##.....
s - Sticks to Snakes      Tmut           #.......     17%         2    ###....

Your spell library contained the following spells:

 Spells                   Type           Power        Failure   Level  Hunger
 Spider Form              Tmut/Pois      #.........   45%         3    ####...
 Ice Form                 Ice/Tmut       #.......     86%         4    #####..
 Blade Hands              Tmut           #.........   97%         5    ######.


Dungeon Overview and Level Annotations

Branches:
Dungeon (2/15)

Altars:


Innate Abilities, Weirdness & Mutations

You have extremely sharp teeth.
When hurt, damage is shared between your health and your magic reserves.
Your bite disrupts and absorbs the magic of your enemies.
Potions cannot restore your health.
You are immune to rotting.


Message History

A goblin comes into view. It is wielding a +0 dagger.
Things that are here:
a +0 club x2
You closely miss the hobgoblin. You claw the hobgoblin. You bite the hobgoblin.
You drain its power.
You feel invigorated.
The hobgoblin is almost dead.
The hobgoblin closely misses you. The goblin closely misses you.
You hit the hobgoblin but do no damage.
The hobgoblin is severely wounded.
The hobgoblin misses you. The goblin hits you with a +0 dagger.
* * * LOW HITPOINT WARNING * * *
You barely miss the hobgoblin. You claw the hobgoblin.
You kill the hobgoblin!
Your talons disappear.
The goblin hits you with a +0 dagger.
You closely miss the goblin. You bite the goblin. You drain its power.
You feel invigorated.
The goblin is moderately wounded.
The goblin hits you but does no damage. The goblin hits you with a +0 dagger.
You die...

#.# #$# ..#
#######.###
g..<...... #
.gg..#.?# #.
#....#
#..####)#..#
#..g@glw...#
#...######..#
#......#####..#
#.............#
#.. .......#.##
#. ...$##.#.# #
..$ #.#)# .
#.#.# #.#)#


You could see a worm, 2 goblins and a frilled lizard.

Vanquished Creatures
  2 leopard geckos (D:1)
  2 giant cockroaches (D:1)
  6 goblins
  3 hobgoblins
  A kobold (D:1)
  A bat (D:1)
  2 frilled lizards (D:1)
  4 rats (D:1)
21 creatures vanquished.

Notes
Turn   | Place    | Note
-------+----------+-------------------------------------------
     0 | D:1      | ivs the Vine Stalker Transmuter began the quest for the
                  | Orb.
     0 | D:1      | Reached XP level 1. HP: 9/9 MP: 4/4
    13 | D:1      | Reached skill level 1 in Fighting
   124 | D:1      | Reached XP level 2. HP: 8/15 MP: 4/6
   135 | D:1      | Learned a level 2 spell: Sticks to Snakes
   382 | D:2      | Reached XP level 3. HP: 2/18 MP: 3/7
   387 | D:2      | Slain by a goblin

Levels and vault maps discovered:
D:1:      dpeg_arrival_boxorama, layout_rooms, dk_noncrumbling_3,
          minmay_worlds_worst_comb
D:2:      layout_loops_ring, uniq_crazy_yiuf_cottage, uniq_natasha, uniq_robin

Skill      XL: |  1  2 |
---------------+-------+-----
Fighting       | 1 2 |  2.2
Dodging        | |  1.5
Unarmed Combat | |  3.3
Spellcasting   | |  2.1
Transmutations | |  2.0

Action                   || total
-------------------------++-------
Melee: Unarmed           ||    52
       Bite              ||    10
       Kick              ||     5
       Headbutt          ||     1
 Cast: Beastly Appendage ||    15
Armor: Robe              ||     2
Dodge: Dodged            ||    34

Table legend:
 A = Non-vault XP
 B = Vault XP
 C = Vault XP percentage of total XP
 D = Non-vault monster count
 E = Vault monster count
 F = Vault count percentage of total count
                 A         B        C        D         E       F
            +---------+---------+-------+---------+---------+-------
      Total |      29 |       7 |  19.4 |      17 |       4 |  19.0
            +---------+---------+-------+---------+---------+-------
        D:1 |      27 |       0 |   0.0 |      16 |       0 |   0.0
        D:2 |       2 |       7 |  77.8 |       1 |       4 |  80.0
            +---------+---------+-------+---------+---------+-------
